Map: Neon Violet Square LE

Players

Modranidrem - Winner!

  • Race: Terran Terran
  • League: Platinum
  • Spawn Location: 5:00

CinDra

  • Race: Zerg Zerg
  • League: Gold
  • Spawn Location: 11:00

VOD

Have the link to the VOD?

Description

Time

  • Played on: March 16, 2018, 1:49 p.m.
  • Length: 22:32
Show
View Real Time Build Order
Export as new Build Order

Modranidrem Terran - Winner!

Build Orders: Hellion Banshee 

Get SALT Encoding   

  12  0:01  SCV  
  13  0:13  SCV  
  14  0:25  SCV  
  14  0:28  Supply Depot  
  15  0:35  Refinery  
  15  0:49  SCV  
  16  0:51  Barracks  
  16  1:01  SCV  
  17  1:11  Supply Depot  
  17  1:13  SCV  
  17  1:16  Engineering Bay  
  18  1:26  SCV  
  19  1:34  Refinery  
  19  1:41  Factory  
  19  1:46  SCV  
  20  1:58  SCV  
  21  2:06  Missile Turret  
  21  2:10  SCV  
  21  2:14  Barracks Reactor  
  22  2:22  SCV  
  23  2:27  Factory Tech Lab  
  23  2:33  Supply Depot  
  23  3:04  Cyclone x2  
  29  3:09  Orbital Command, Stimpack  
  29  3:24  Starport  
  29  3:36  Hellion x2  
  33  3:41  Marine  
  33  3:48  Barracks  
  34  3:51  Armory  
  34  4:04  Starport Tech Lab  
  34  4:07  Hellion  
  34  4:35  Hellion x2  
  30  4:40  Cloaking Field  
  30  4:42  Barracks Reactor  
  30  4:49  Factory  
  30  4:54  Banshee  
  30  4:57  Hellion  
  35  5:23  Hellion  
  35  5:24  Command Center  
  37  5:39  Marine x2  
  39  5:43  Factory Tech Lab  
  39  6:07  Banshee  
  42  6:13  Sensor Tower  
  42  6:35  Thor  
  48  6:48  Marine x3  
  51  7:08  Orbital Command  
  51  7:12  Hellion  
  50  7:16  Supply Depot  
  50  7:18  Thor  
  56  7:28  Medivac  
  58  7:38  Orbital Command, Thor  
  64  7:47  Orbital Command  
  64  7:58  Terran Vehicle Weapons Level 1  
  64  8:00  SCV  
  65  8:12  SCV  
  66  8:24  SCV  
  67  8:28  Command Center  
  67  8:31  Hellion  
  69  8:34  Siege Tank  
  69  8:36  SCV, Marine x2  
  75  8:47  Terran Infantry Weapons Level 1  
  75  8:50  SCV x2  
  75  8:53  Refinery  
  77  9:00  Marine  
  78  9:10  SCV x2, Marine x3  
  78  9:16  Siege Tank  
  86  9:39  Marine x4  
  86  9:40  SCV x2  
  92  9:47  Medivac  
  92  9:48  Siege Tank  
  92  9:50  Refinery  
  92  9:52  SCV x2  
  99  10:00  Refinery  
  99  10:04  SCV x2  
  101  10:07  Sensor Tower  
  101  10:20  SCV x2, Siege Tank  
  106  10:22  Missile Turret  
  106  10:23  Supply Depot  
  106  10:29  Terran Vehicle Weapons Level 2  
  106  10:32  SCV  
  106  10:33  Refinery  
  107  10:44  SCV x2  
  107  10:45  SCV  
  110  10:56  SCV  
  110  10:57  SCV  
  112  11:08  Medivac  
  112  11:10  Siege Tank  
  117  11:15  Orbital Command  
  117  11:31  Terran Infantry Weapons Level 2  
  117  11:35  Command Center  
  117  12:25  Starport  
  117  12:26  Missile Turret  
  117  12:33  Barracks  
  117  12:44  Missile Turret  
  117  12:46  Raven  
  117  12:47  Hellion x2, SCV x3, Marine  
  117  12:48  Missile Turret, Marine x3  
  117  12:50  Orbital Command  
  130  12:59  SCV x2  
  132  13:05  Sensor Tower  
  132  13:09  SCV, Terran Vehicle Weapons Level 3, Siege Tank x2  
  132  13:11  SCV  
  140  13:13  Supply Depot  
  140  13:19  Starport Tech Lab  
  140  13:23  Fusion Core  
  140  13:26  Barracks  
  140  13:34  SCV  
  140  13:35  Barracks Tech Lab  
  140  13:36  Supply Depot  
  141  13:47  Terran Infantry Armor Level 1  
  141  13:53  Sensor Tower  
  141  13:58  Orbital Command, Infernal Pre-Igniter  
  141  14:03  Raven  
  141  14:04  Raven  
  145  14:15  Barracks  
  145  14:23  Refinery  
  145  14:27  Armory  
  145  14:47  Refinery  
  145  14:55  Siege Tank x2  
  151  15:10  Barracks Tech Lab x2  
  151  15:22  Marauder  
  151  15:27  Siege Tank  
  156  15:34  Terran Ship Weapons Level 1  
  156  15:36  Starport  
  156  15:46  Terran Vehicle And Ship Armor Level 1  
  156  15:48  Marauder, Siege Tank, Marine x3  
  156  15:49  Marauder  
  166  15:56  Sensor Tower  
  166  15:57  Missile Turret  
  166  15:59  Siege Tank  
  169  16:10  Marauder  
  171  16:16  Starport  
  171  16:24  Starport Tech Lab  
  171  16:35  Command Center  
  171  16:53  Command Center  
  171  17:07  Starport Tech Lab  
  171  17:23  Supply Depot  
  171  17:28  Starport  
  171  17:43  Terran Vehicle And Ship Armor Level 2  
  171  17:45  Marauder, Raven x2, Siege Tank  
  171  17:46  Battlecruiser x2, Siege Tank  
  171  17:47  Supply Depot, Ghost Academy  
  195  17:52  Ghost Academy  
  195  18:04  Marauder  
  197  18:07  Marauder  
  197  18:11  Supply Depot  
  199  18:14  Orbital Command  
  199  18:21  Starport Tech Lab  
  199  18:25  Personal Cloaking  
  199  18:26  Nuke  
  199  18:33  Supply Depot, Ghost Academy  
  190  19:24  Orbital Command  
  190  19:34  Planetary Fortress  
  190  19:49  Terran Ship Weapons Level 2  
  190  19:51  Sensor Tower  
  196  19:53  Battlecruiser  
  196  20:05  Nuke x2  
  196  20:06  Ghost  
  196  20:08  Ghost  
  200  20:18  Refinery  
  200  20:27  Refinery  
  200  20:36  Command Center  
  200  20:43  Weapon Refit  
  200  20:48  Missile Turret  
  166  21:54  Marine x3  
  169  22:09  Marine x2  
  169  22:10  Marine  
  169  22:12  Marine  
Show
View Real Time Build Order
Export as new Build Order

CinDra Zerg 

Build Orders: Hatch First 

Get SALT Encoding   

  12  0:02  Drone  
  13  0:13  Overlord  
  13  0:18  Drone  
  14  0:31  Drone x2  
  14  0:35  Drone  
  17  0:54  Hatchery  
  16  0:57  Drone  
  17  1:05  Drone  
  17  1:10  Extractor  
  17  1:16  Spawning Pool  
  16  1:19  Drone  
  16  1:24  Drone  
  18  1:29  Drone  
  19  1:50  Overlord  
  19  2:03  Queen  
  19  2:04  Zergling x2  
  19  2:05  Queen  
  19  2:06  Zergling x2  
  25  2:13  Zergling x2  
  26  2:17  Metabolic Boost  
  26  2:20  Drone  
  27  2:34  Drone x3  
  30  2:37  Overlord  
  30  2:45  Queen  
  30  2:50  Drone x2  
  34  3:04  Hatchery  
  33  3:07  Drone  
  33  3:09  Drone  
  33  3:11  Drone  
  36  3:14  Drone  
  36  3:19  Drone  
  38  3:22  Drone  
  38  3:23  Drone  
  40  3:30  Overlord  
  40  3:31  Drone x2  
  40  3:32  Drone  
  43  3:41  Zergling x2  
  43  3:43  Overlord x2  
  43  3:57  Zergling x16  
  51  4:11  Zergling x6  
  54  4:20  Roach Warren  
  48  4:45  Drone x5  
  53  4:46  Drone x6, Evolution Chamber  
  58  4:54  Lair  
  58  4:56  Queen  
  58  4:57  Drone x3  
  63  5:06  Extractor  
  62  5:10  Pneumatized Carapace  
  62  5:18  Spore Crawler  
  62  5:20  Spore Crawler  
  60  5:31  Extractor  
  60  5:33  Extractor  
  58  5:42  Roach x3  
  64  5:43  Overlord  
  64  5:44  Overlord  
  64  5:45  Zergling x20  
  74  6:04  Drone  
  74  6:05  Drone  
  74  6:07  Drone x2  
  74  6:08  Drone x3  
  81  6:11  Drone  
  81  6:12  Overlord x8  
  82  6:24  Glial Reconstitution  
  82  6:33  Zerg Missile Weapons Level 1, Evolution Chamber  
  82  6:39  Hydralisk Den  
  79  6:43  Spore Crawler  
  79  6:45  Overseer x3  
  76  7:36  Overseer  
  76  7:39  Drone x18  
  94  7:46  Hatchery  
  93  7:56  Drone  
  94  7:58  Zerg Ground Armor Level 1  
  94  8:01  Grooved Spines  
  94  8:03  Hydralisk x9  
  112  8:24  Extractor  
  112  8:26  Extractor  
  110  8:38  Hydralisk x8  
  110  8:39  Overlord  
  110  8:40  Overlord x6  
  126  8:59  Drone x3  
  126  9:00  Drone x4  
  133  9:05  Drone x3  
  136  9:11  Drone  
  136  9:12  Drone  
  138  9:20  Hydralisk x10  
  158  9:41  Hydralisk x6  
  158  9:42  Hydralisk  
  172  9:51  Zerg Missile Weapons Level 2  
  172  10:06  Hydralisk x5  
  182  10:14  Extractor  
  182  10:17  Extractor  
  182  10:19  Hydralisk x4  
  188  10:48  Hydralisk x4, Drone x3  
  199  10:56  Overlord  
  199  11:14  Zerg Ground Armor Level 2  
  199  11:24  Muscular Augments  
  199  11:53  Hatchery  
  198  11:56  Infestation Pit  
  197  12:03  Hydralisk  
  197  12:04  Zergling x2  
  200  12:11  Zerg Melee Weapons Level 1  
  200  12:33  Hive  
  200  13:53  Zerg Missile Weapons Level 3  
  200  14:05  Zerg Ground Armor Level 3  
  197  14:39  Hydralisk  
  199  15:02  Adrenal Glands  
  199  15:04  Tunneling Claws  
  199  15:08  Burrow  
  199  15:23  Extractor  
  198  15:28  Extractor  
  198  15:33  Hydralisk  
  199  16:30  Zerg Melee Weapons Level 2  
  199  17:01  Spire  
  198  17:02  Drone  
  199  17:27  Hatchery  
  191  18:50  Corruptor x2  
  191  18:51  Corruptor x6  
  191  18:54  Corruptor  
  199  19:01  Zerg Melee Weapons Level 3  
  199  19:10  Greater Spire  
  199  20:38  Extractor x2  
  193  21:15  Hydralisk  
  193  21:16  Hydralisk x15  
  193  21:17  Hydralisk x15  
  193  21:18  Hydralisk x2  
  199  21:23  Hydralisk x13  
  199  21:24  Hydralisk x6  
  187  21:27  Overlord  
  187  21:28  Overlord x11  
  187  21:35  Overlord  
  187  21:38  Overlord  
  187  21:39  Overlord  
  186  21:53  Hydralisk x6  
  186  21:54  Hydralisk  
  192  22:08  Overlord x2  
Tags
 
Add a new tag
Caveats
  • Supply blocks, unpowered buildings, or Contaminate may cause inaccurate times.
  • Supply counts are checked every 10 seconds.